Map: Ever Dream LE

Players

Walter - Winner!

  • Race: Terran Terran
  • League: Diamond
  • Spawn Location: 7:00

StarLing

  • Race: Zerg Zerg
  • League: Platinum
  • Spawn Location: 1:00

VOD

https://www.youtube.com/watch?v=6qhsPqD5UQM

Description

a good meme

Time

  • Played on: May 30, 2020, 7:32 a.m.
  • Length: 4:44
Show
View Real Time Build Order
Export as new Build Order

Walter Terran - Winner!

Build Orders:  

Get SALT Encoding   

  12  0:08  Supply Depot  
  12  0:13  SCV  
  13  0:31  Barracks  
  13  0:34  Refinery  
  13  0:40  SCV  
  14  0:52  SCV  
  15  1:04  SCV  
  16  1:17  Barracks Reactor  
  16  1:18  Orbital Command  
  16  1:41  Command Center  
  16  1:53  Marine x2  
  18  2:00  Factory  
  18  2:03  SCV  
  19  2:11  Marine x2  
  21  2:16  Supply Depot  
  21  2:29  Marine x2  
  23  2:37  Refinery  
  23  2:47  Marine x2, Starport  
  23  2:50  Factory Reactor  
  25  3:04  Marine x2, SCV  
  28  3:22  Marine x2  
  30  3:30  Medivac  
  30  3:32  Medivac  
  34  3:38  Orbital Command  
  34  3:40  Marine x2  
  36  4:02  Factory Tech Lab  
  36  4:06  SCV  
  36  4:09  Marine  
  41  4:16  Supply Depot  
  41  4:19  Marine  
  42  4:25  SCV x2  
  44  4:38  Bunker  
Show
View Real Time Build Order
Export as new Build Order

StarLing Zerg 

Build Orders: Hatch First 

Get SALT Encoding   

  12  0:01  Drone  
  13  0:13  Overlord  
  13  0:17  Drone  
  14  0:31  Drone x2  
  16  0:35  Drone  
  17  0:53  Hatchery  
  16  0:57  Drone  
  17  1:04  Drone  
  18  1:11  Extractor  
  18  1:18  Spawning Pool  
  16  1:21  Drone  
  16  1:22  Drone  
  18  1:31  Drone  
  19  1:40  Overlord  
  19  1:56  Drone  
  20  2:05  Zergling x4  
  20  2:06  Queen  
  20  2:07  Queen  
  26  2:12  Drone  
  27  2:28  Overlord x3  
  27  2:31  Metabolic Boost  
  27  2:36  Drone  
  28  2:46  Drone x2  
  30  2:54  Drone  
  30  2:55  Drone  
  32  2:59  Evolution Chamber  
  31  3:11  Hatchery  
  30  3:13  Drone  
  30  3:19  Drone x2  
  33  3:32  Drone x3  
  33  3:33  Drone  
  37  3:40  Evolution Chamber, Drone  
  37  3:41  Drone  
  37  3:44  Drone  
  37  3:46  Drone  
  40  3:52  Queen  
  42  4:00  Overlord  
  42  4:01  Drone  
  42  4:02  Drone x2  
  45  4:14  Zergling x6  
  45  4:15  Zergling x2  
  49  4:19  Overlord  
  49  4:21  Zergling x2  
  49  4:22  Zergling x2  
  51  4:25  Zergling x4  
Tags
 
Add a new tag
Caveats
  • Supply blocks, unpowered buildings, or Contaminate may cause inaccurate times.
  • Supply counts are checked every 10 seconds.